 Dungeon Crawl Stone Soup version 0.29.0-4-gdea44cf6ec (webtiles) character file.

Game seed: 12925835782992768187

6780 qw the Grappler (level 10, -23/88 HPs)
             Began as a Troll Cinder Acolyte on Sept 1, 2022.
             Was a Priest of Ignis.
             Annihilated by an ogre
             ... wielding a +0 giant club
             ... led by Lodul
              (25 damage)
             ... on level 10 of the Dungeon.
             The game lasted 00:03:55 (8240 turns).

qw the Grappler (Troll Cinder Acolyte)              Turns: 8240, Time: 00:03:56

Health: -23/88     AC: 17    Str: 34    XL:     10   Next: 76%
Magic:  10/10      EV:  9    Int: 10    God:    Ignis [***...]
Gold:   267        SH:  0    Dex:  5    Spells: 11/11 levels left

rFire   + . .      SeeInvis .     - Unarmed
rCold   . . .      Faith    .   (no shield)
rNeg    . . .      Spirit   .   e - +0 steam dragon scales
rPois   .          Reflect  .   (helmet restricted)
rElec   .          Harm     .   c - +0 cloak
rCorr   .          Rampage  .   (gloves unavailable)
Will    .....                   (boots unavailable)
Stlth   +.........              (no amulet)
HPRegen 1.04/turn               j - +6 ring of strength
MPRegen 0.12/turn               (no ring)

@: about to teleport, fiery-armoured
A: large, unfitting armour, claws 3, regeneration 1, shaggy fur 1, tough skin 1,
iridescent scales 1, frail 1
a: Renounce Religion, Fiery Armour, Foxfire Swarm, Rising Flame


You were on level 10 of the Dungeon.
You worshipped Ignis.
Ignis was most pleased with you.
You visited 1 branch of the dungeon, and saw 10 of its levels.

You collected 494 gold pieces.
You spent 227 gold pieces at shops.


Innate Abilities, Weirdness & Mutations

You are too large for most types of armour.
You have claws for hands.
Your natural rate of healing is unusually fast.
You are covered in fur. (AC +1)
You have tough skin. (AC +1)
You are partially covered in iridescent scales. (AC +2)
You are frail. (-10% HP)


   Skills:
 + Level 5.8 Fighting
 - Level 5.0 Throwing
 - Level 2.1 Armour
 - Level 1.2 Dodging
 - Level 14.0 Unarmed Combat
 - Level 1.0 Spellcasting
 - Level 2.1 Fire Magic


You had 11 spell levels left.
You didn't know any spells.
Your spell library contained the following spells:

 Spells                   Type           Power      Damage    Failure   Level
 Scorch                   Fire           8%         2d5       22%         2

Inventory:

Missiles
 g - 3 boomerangs
 q - a silver javelin (quivered)
Armour
 c - a +0 cloak (worn)
 e - +0 steam dragon scales (worn)
Jewellery
 a - an amulet of the acrobat
 j - a +6 ring of strength (left claw)
Scrolls
 f - 4 scrolls of identify
 i - 4 scrolls of teleportation
 o - a scroll of enchant weapon
Potions
 b - a potion of resistance
 d - 3 potions of heal wounds
 k - 4 potions of might
 l - 2 potions of curing
 m - a potion of cancellation
 n - a potion of haste

Dungeon Overview and Level Annotations

Branches:
Dungeon (10/15)            Temple (0/1) D:7
   Lair: D:8-11         Orc: D:9-12

Altars:
Cheibriados
Dithmenos
Fedhas
Hepliaklqana
Kikubaaqudgha
Makhleb
Nemelex Xobeh
Okawaru
Ru
Sif Muna
Trog
Uskayaw
Yredelemnul
Zin
The Shining One

Shops:
D:1 ?   D:9 ?

Portals:
Abyss: D:5

Annotations:
D:3 2 runed translucent doors, qw's ghost, amateur TrCA
D:5 2 transporters, qw's ghost, novice TeWr
D:7 2 transporters, qw's ghost, novice TrCA
D:10 Lodul


Message History

An ogre is nearby!
You mangle the ogre!!
You kill the ogre!
You start waiting.
An ogre is nearby!
You scratch the ogre.
The ogre is lightly wounded.
The ogre hits you but does no damage.
You scratch the ogre.
The ogre is lightly wounded.
You claw the ogre!
The ogre is heavily wounded.
You barely miss the ogre.
The ogre is heavily wounded.
The ogre barely misses you.
You closely miss the ogre.
The ogre is heavily wounded.
The ogre hits you with a +0 giant club!
8238 ||| INVOKING Fiery Armour.
A protective cloak of flame settles atop you.
The ogre closely misses you. The ogre hits you with a +0 giant club!
The ogre is burned by your cloak of flames.
The ogre is moderately wounded.
Lodul says, "I guard Vaults good!
You no get in!"
Electricity crackles from Lodul's apparatus.
The bolt of lightning hits you!!
You closely miss the ogre.
The ogre is heavily wounded.
The ogre hits you with a +0 giant club!!
The ogre is burned by your cloak of flames.
The ogre is moderately wounded.
8240 ||| READING 5 scrolls of teleportation.
As you read the scroll of teleportation, it crumbles to dust.
You feel strangely unstable. The ogre hits you with a +0 giant club.
The ogre is burned by your cloak of flames.
The ogre is heavily wounded.
The ogre misses you.
The ogre hits you with a +0 giant club!!
You die...

O## #. .O.# .#. O.O.. ..
...(. .#### ...... ###....#
...O####.........
#..#@...####...
#.OOOO...#.... ..
###..........#
..#.......###.).....###
##..........# ###......#
.........##.## ##......#
..........#..###.......##
..............#.........# .
................##..)##.#....


You could see Lodul and 3 ogres.

Vanquished Creatures
  A boulder beetle (D:10)
  9 yaks
  A wyvern (D:9)
  A wraith (D:10)
  A vampire (D:10)
  2 steam dragons
  Menkaure (D:6)
  Edmund (D:4)
  An acid dragon (D:8)
  2 ice beasts
  3 orc warriors
  2 sky beasts
  3 ogres
  2 black bears
  3 centaurs
  A phantom (D:6)
  A kobold brigand (D:9)
  Blork the orc (D:4)
  3 bullfrogs
  2 scorpions
  2 necrophages
  13 wights
  8 killer bees (D:9)
  2 howler monkeys
  3 hounds
  6 orc priests
  Jessica (D:2)
  6 iguanas
  5 orc wizards
  7 adders
  A shadow imp (D:6)
  A white imp (D:8)
  2 ufetubi
  2 worms
  4 dart slugs
  28 orcs
  3 bats
  7 endoplasms
  3 giant cockroaches
  5 hobgoblins
  10 jackals
  6 quokkas
  5 ball pythons
  2 frilled lizards (D:3)
  5 goblins
  11 kobolds
  4 rats
193 creatures vanquished.

Notes
Turn   | Place    | Note
-------+----------+-------------------------------------------
     0 | D:1      | qw the Troll Cinder Acolyte began the quest for the Orb.
     0 | D:1      | Reached XP level 1. HP: 22/22 MP: 1/1
     0 | D:1      | 0 ||| qw: Version: 0.1-a-97-g2dd2ca4
     0 | D:1      | 0 ||| qw: Game counter: 4807
     0 | D:1      | 0 ||| qw: Always use a shield: true
     0 | D:1      | 0 ||| qw: God list: Okawaru
     0 | D:1      | 0 ||| qw: Allow faded altars: false
     0 | D:1      | 0 ||| qw: Do Orc after D:15 true
     0 | D:1      | 0 ||| qw: Do second Lair branch before Depths: true
     0 | D:1      | 0 ||| qw: Lair rune preference: random
     0 | D:1      | 0 ||| qw: Plans: Normal
     0 | D:1      | 0 ||| PLANNING D:1-11
    77 | D:1      | Found a faded altar of an unknown god.
    91 | D:1      | Found Kamm's Magic Scroll Shoppe.
   101 | D:1      | 101 ||| SHOPLISTING 2 scrolls of enchant armour (180 gold,
                  | have 4).
   101 | D:1      | 101 ||| SHOPLISTING scroll of brand weapon (114 gold, have
                  | 4).
   101 | D:1      | 101 ||| SHOPLISTING scroll of identify (24 gold, have 4).
   229 | D:1      | Reached XP level 2. HP: 29/29 MP: 2/2
   336 | D:1      | 336 ||| Stepping ~*~*~tactically~*~*~ (stealth).
   405 | D:1      | Reached skill level 4 in Unarmed Combat
   662 | D:1      | Reached XP level 3. HP: 36/36 MP: 3/3
   702 | D:1      | 702 ||| READING scroll labelled TUTAIT COWEQAU.
   703 | D:1      | 703 ||| READING scroll labelled SEL YCUSHRYSODGH.
   722 | D:1      | 722 ||| READING 2 scrolls labelled DAMAASM QANI.
   727 | D:1      | 727 ||| READING scroll labelled WUATOPHIWN.
   728 | D:1      | 728 ||| DRINKING 2 purple potions.
   729 | D:1      | 729 ||| DROPPING potion of brilliance.
   782 | D:2      | 782 ||| Stepping ~*~*~tactically~*~*~ (stealth).
   783 | D:2      | 783 ||| Stepping ~*~*~tactically~*~*~ (stealth).
   794 | D:2      | 794 ||| Stepping ~*~*~tactically~*~*~ (stealth).
   804 | D:2      | 804 ||| FLEEEEING.
   805 | D:2      | 805 ||| FLEEEEING.
   807 | D:2      | 807 ||| FLEEEEING.
   808 | D:2      | 808 ||| FLEEEEING.
   820 | D:2      | 820 ||| Stepping ~*~*~tactically~*~*~ (hiding).
   849 | D:2      | Noticed Jessica
   853 | D:2      | Killed Jessica
   940 | D:2      | Reached XP level 4. HP: 44/44 MP: 4/4
   945 | D:2      | Found a hide-covered altar of Uskayaw.
   957 | D:2      | Reached skill level 5 in Unarmed Combat
  1132 | D:2      | 1132 ||| Stepping ~*~*~tactically~*~*~ (stealth).
  1386 | D:2      | 1386 ||| READING scroll labelled MOUGYE YD YFURU.
  1387 | D:2      | 1387 ||| READING scroll labelled PEATYN QOCLE.
  1388 | D:2      | 1388 ||| READING scroll labelled FEUTIUZ XATZO.
  1389 | D:2      | 1389 ||| READING scroll labelled ZOZIJ NECWOHA.
  1390 | D:2      | 1390 ||| DRINKING 2 white potions.
  1447 | D:3      | 1447 ||| STAIRDANCE
  1463 | D:3      | 1463 ||| STAIRDANCE
  1476 | D:3      | 1476 ||| Stepping ~*~*~tactically~*~*~ (stealth).
  1478 | D:3      | 1478 ||| Stepping ~*~*~tactically~*~*~ (stealth).
  1479 | D:3      | 1479 ||| Stepping ~*~*~tactically~*~*~ (stealth).
  1482 | D:3      | 1482 ||| Stepping ~*~*~tactically~*~*~ (stealth).
  1484 | D:3      | 1484 ||| Stepping ~*~*~tactically~*~*~ (stealth).
  1514 | D:3      | Found a hazy altar of Hepliaklqana.
  1560 | D:3      | Found a large runed translucent door.
  1560 | D:3      | Found a large runed translucent door.
  1564 | D:3      | Noticed qw's ghost (amateur TrCA)
  2273 | D:3      | 2273 ||| UPGRADING to +6 ring of strength.
  2274 | D:3      | 2274 ||| DRINKING 2 cyan potions.
  2300 | D:4      | 2300 ||| STAIRDANCE
  2303 | D:3      | Reached skill level 1 in Throwing
  2303 | D:3      | Reached XP level 5. HP: 47/50 MP: 5/5
  2355 | D:4      | 2355 ||| STAIRDANCE
  2409 | D:4      | 2409 ||| STAIRDANCE
  2616 | D:4      | Noticed Edmund
  2629 | D:4      | 2629 ||| INVOKING Fiery Armour.
  2630 | D:4      | Killed Edmund
  2631 | D:4      | Reached skill level 6 in Unarmed Combat
  2631 | D:4      | Reached XP level 6. HP: 27/59 MP: 6/6
  2706 | D:4      | Noticed Blork the orc
  2715 | D:4      | Killed Blork the orc
  2783 | D:4      | 2783 ||| Stepping ~*~*~tactically~*~*~ (stealth).
  2792 | D:4      | 2792 ||| Stepping ~*~*~tactically~*~*~ (outnumbered).
  2794 | D:4      | 2794 ||| Stepping ~*~*~tactically~*~*~ (outnumbered).
  2824 | D:4      | Found a sacrificial altar of Ru.
  2844 | D:4      | 2844 ||| Stepping ~*~*~tactically~*~*~ (stealth).
  2845 | D:4      | 2845 ||| Stepping ~*~*~tactically~*~*~ (stealth).
  2930 | D:4      | Reached skill level 7 in Unarmed Combat
  3447 | D:4      | 3447 ||| READING scroll labelled BAIFUL SYCZAPH.
  3448 | D:4      | 3448 ||| DRINKING 2 fuming clear potions.
  3448 | D:4      | Gained mutation: You are occasionally teleported next to
                  | monsters. [potion of mutation]
  3448 | D:4      | Gained mutation: You are partially covered in iridescent
                  | scales. (AC +2) [potion of mutation]
  3448 | D:4      | Gained mutation: You passively map a small area around you.
                  | [potion of mutation]
  3449 | D:4      | 3449 ||| DRINKING potion of mutation.
  3449 | D:4      | Lost mutation: You passively map a small area around you.
                  | [potion of mutation]
  3449 | D:4      | Lost mutation: You are occasionally teleported next to
                  | monsters. [potion of mutation]
  3449 | D:4      | Gained mutation: You are frail. (-10% HP) [potion of
                  | mutation]
  3450 | D:4      | 3450 ||| DRINKING 2 metallic sapphire potions.
  3451 | D:4      | 3451 ||| READING 3 scrolls of identify.
  3451 | D:4      | 3451 ||| IDENTIFYING murky purple potion
  3452 | D:4      | 3452 ||| READING 2 scrolls of identify.
  3452 | D:4      | 3452 ||| IDENTIFYING fizzy pink potion
  3453 | D:4      | 3453 ||| DROPPING potion of berserk rage.
  3472 | D:5      | Entered Level 5 of the Dungeon
  3472 | D:5      | Found a transporter.
  3502 | D:5      | 3502 ||| Stepping ~*~*~tactically~*~*~ (stealth).
  3519 | D:5      | Found a transporter.
  3536 | D:5      | 3536 ||| Stepping ~*~*~tactically~*~*~ (outnumbered).
  3538 | D:5      | Reached XP level 7. HP: 49/59 MP: 7/7
  3546 | D:5      | 3546 ||| Stepping ~*~*~tactically~*~*~ (stealth).
  3555 | D:5      | Reached skill level 8 in Unarmed Combat
  3705 | D:5      | 3705 ||| Stepping ~*~*~tactically~*~*~ (stealth).
  3716 | D:5      | 3716 ||| Stepping ~*~*~tactically~*~*~ (hiding).
  3732 | D:5      | Reached skill level 3 in Fighting
  3736 | D:5      | Reached skill level 3 in Throwing
  3812 | D:5      | Found a one-way gate to the infinite horrors of the Abyss.
  3812 | D:5      | Noticed qw's ghost (novice TeWr)
  3812 | D:5      | Noticed a toenail golem
  3830 | D:5      | 3830 ||| Stepping ~*~*~tactically~*~*~ (stealth).
  3832 | D:5      | 3832 ||| Stepping ~*~*~tactically~*~*~ (stealth).
  3833 | D:5      | 3833 ||| Stepping ~*~*~tactically~*~*~ (stealth).
  3897 | D:5      | Found a blossoming altar of Fedhas.
  3900 | D:5      | Found an ancient bone altar of Kikubaaqudgha.
  4049 | D:5      | 4049 ||| Stepping ~*~*~tactically~*~*~ (hiding).
  4052 | D:5      | 4052 ||| INVOKING Fiery Armour.
  4056 | D:5      | 4056 ||| Stepping ~*~*~tactically~*~*~ (outnumbered).
  4058 | D:5      | HP: 6/60 [orc priest/divine providence (13)]
  4059 | D:5      | 4059 ||| READING 3 scrolls of teleportation.
  4060 | D:5      | 4060 ||| DRINKING potion of heal wounds.
  4137 | D:5      | 4137 ||| Stepping ~*~*~tactically~*~*~ (stealth).
  4144 | D:5      | Reached XP level 8. HP: 61/67 MP: 8/8
  4234 | D:5      | 4234 ||| READING 4 scrolls of identify.
  4234 | D:5      | 4234 ||| IDENTIFYING bubbling brown potion
  4235 | D:5      | 4235 ||| READING 3 scrolls of identify.
  4235 | D:5      | 4235 ||| IDENTIFYING murky yellow potion
  4236 | D:5      | 4236 ||| READING 2 scrolls of identify.
  4236 | D:5      | 4236 ||| IDENTIFYING brown potion
  4237 | D:5      | 4237 ||| DROPPING potion of attraction.
  4238 | D:5      | 4238 ||| DROPPING potion of degeneration.
  4334 | D:6      | Reached skill level 9 in Unarmed Combat
  4359 | D:6      | Reached skill level 1 in Dodging
  4398 | D:6      | Noticed Menkaure
  4399 | D:6      | 4399 ||| Stepping ~*~*~tactically~*~*~ (hiding).
  4405 | D:6      | Found a snail-covered altar of Cheibriados.
  4409 | D:6      | Killed Menkaure
  4579 | D:6      | Reached skill level 10 in Unarmed Combat
  4696 | D:6      | 4696 ||| Stepping ~*~*~tactically~*~*~ (hiding).
  4697 | D:6      | 4697 ||| Stepping ~*~*~tactically~*~*~ (hiding).
  4972 | D:6      | 4972 ||| Stepping ~*~*~tactically~*~*~ (outnumbered).
  4984 | D:6      | Reached XP level 9. HP: 72/75 MP: 9/9
  5203 | D:6      | 5203 ||| DROPPING amulet of magic regeneration.
  5204 | D:6      | 5204 ||| READING scroll labelled BEGGETAUNO.
  5205 | D:6      | 5205 ||| DRINKING 2 fuming white potions.
  5206 | D:6      | 5206 ||| DROPPING potion of magic.
  5225 | D:7      | Found a basalt altar of Yredelemnul.
  5286 | D:7      | Found a glowing golden altar of the Shining One.
  5360 | D:7      | 5360 ||| Stepping ~*~*~tactically~*~*~ (stealth).
  5381 | D:7      | 5381 ||| Stepping ~*~*~tactically~*~*~ (hiding).
  5388 | D:7      | Reached skill level 11 in Unarmed Combat
  5399 | D:7      | Found a hide-covered altar of Uskayaw.
  5400 | D:7      | Found a sparkling altar of Nemelex Xobeh.
  5400 | D:7      | Found a glowing silver altar of Zin.
  5428 | D:7      | Found a staircase to the Ecumenical Temple.
  5503 | D:7      | Found an iron altar of Okawaru.
  5755 | D:7      | Found a transporter.
  5763 | D:7      | Found a bloodstained altar of Trog.
  5763 | D:7      | Found a transporter.
  5772 | D:7      | Noticed qw's ghost (novice TrCA)
  5777 | D:7      | Noticed a moth of wrath
  5952 | D:7      | 5952 ||| READING scroll labelled ONWEPU VIOLE.
  5953 | D:7      | 5953 ||| DRINKING 2 bubbling emerald potions.
  6000 | D:7      | 6000 ||| READING 2 scrolls of identify.
  6000 | D:7      | 6000 ||| IDENTIFYING fuming red potion
  6001 | D:7      | 6001 ||| DROPPING potion of lignification.
  6104 | D:8      | Found a shimmering blue altar of Sif Muna.
  6104 | D:8      | Found a burning altar of Makhleb.
  6142 | D:8      | 6142 ||| Stepping ~*~*~tactically~*~*~ (hiding).
  6143 | D:8      | 6143 ||| Stepping ~*~*~tactically~*~*~ (hiding).
  6168 | D:8      | 6168 ||| Stepping ~*~*~tactically~*~*~ (stealth).
  6169 | D:8      | 6169 ||| Stepping ~*~*~tactically~*~*~ (stealth).
  6192 | D:8      | Found a bloodstained altar of Trog.
  6202 | D:8      | 6202 ||| Stepping ~*~*~tactically~*~*~ (stealth).
  6203 | D:8      | 6203 ||| Stepping ~*~*~tactically~*~*~ (stealth).
  6393 | D:8      | 6393 ||| Stepping ~*~*~tactically~*~*~ (hiding).
  6395 | D:8      | 6395 ||| INVOKING Fiery Armour.
  6409 | D:8      | 6409 ||| FLEEEEING.
  6483 | D:8      | Reached skill level 12 in Unarmed Combat
  6484 | D:8      | Found a shadowy altar of Dithmenos.
  6626 | D:8      | Found a flagged portal.
  6818 | D:8      | 6818 ||| UPGRADING to +0 cloak.
  6823 | D:8      | 6823 ||| UPGRADING to +0 steam dragon scales.
  6833 | D:8      | 6833 ||| DROPPING +0 robe.
  6834 | D:8      | 6834 ||| DROPPING ring of flight.
  6958 | D:9      | 6958 ||| Stepping ~*~*~tactically~*~*~ (hiding).
  6964 | D:9      | Reached skill level 1 in Armour
  7139 | D:9      | 7139 ||| Stepping ~*~*~tactically~*~*~ (stealth).
  7141 | D:9      | 7141 ||| Stepping ~*~*~tactically~*~*~ (stealth).
  7152 | D:9      | 7152 ||| Stepping ~*~*~tactically~*~*~ (outnumbered).
  7158 | D:9      | 7158 ||| INVOKING Fiery Armour.
  7162 | D:9      | HP: 18/79 [poisoned by a killer bee]
  7167 | D:9      | HP: 16/79 [poisoned by a killer bee]
  7357 | D:9      | 7357 ||| Stepping ~*~*~tactically~*~*~ (outnumbered).
  7405 | D:9      | 7405 ||| Stepping ~*~*~tactically~*~*~ (outnumbered).
  7407 | D:9      | 7407 ||| Stepping ~*~*~tactically~*~*~ (outnumbered).
  7408 | D:9      | 7408 ||| Stepping ~*~*~tactically~*~*~ (outnumbered).
  7409 | D:9      | 7409 ||| Stepping ~*~*~tactically~*~*~ (outnumbered).
  7412 | D:9      | 7412 ||| Stepping ~*~*~tactically~*~*~ (outnumbered).
  7413 | D:9      | 7413 ||| Stepping ~*~*~tactically~*~*~ (outnumbered).
  7414 | D:9      | 7414 ||| Stepping ~*~*~tactically~*~*~ (outnumbered).
  7415 | D:9      | 7415 ||| Stepping ~*~*~tactically~*~*~ (outnumbered).
  7416 | D:9      | 7416 ||| Stepping ~*~*~tactically~*~*~ (outnumbered).
  7417 | D:9      | 7417 ||| Stepping ~*~*~tactically~*~*~ (outnumbered).
  7418 | D:9      | 7418 ||| Stepping ~*~*~tactically~*~*~ (outnumbered).
  7419 | D:9      | 7419 ||| Stepping ~*~*~tactically~*~*~ (outnumbered).
  7444 | D:9      | 7444 ||| Stepping ~*~*~tactically~*~*~ (hiding).
  7452 | D:9      | Reached XP level 10. HP: 57/83 MP: 10/10
  7458 | D:9      | 7458 ||| FLEEEEING.
  7459 | D:9      | 7459 ||| FLEEEEING.
  7460 | D:9      | 7460 ||| FLEEEEING.
  7461 | D:9      | 7461 ||| FLEEEEING.
  7462 | D:9      | 7462 ||| FLEEEEING.
  7463 | D:9      | 7463 ||| FLEEEEING.
  7464 | D:9      | 7464 ||| FLEEEEING.
  7465 | D:9      | 7465 ||| FLEEEEING.
  7466 | D:9      | 7466 ||| FLEEEEING.
  7467 | D:9      | 7467 ||| FLEEEEING.
  7468 | D:9      | 7468 ||| FLEEEEING.
  7469 | D:9      | 7469 ||| FLEEEEING.
  7472 | D:9      | 7472 ||| FLEEEEING.
  7480 | D:9      | 7480 ||| FLEEEEING.
  7481 | D:9      | 7481 ||| FLEEEEING.
  7482 | D:9      | 7482 ||| FLEEEEING.
  7483 | D:9      | 7483 ||| FLEEEEING.
  7484 | D:9      | 7484 ||| FLEEEEING.
  7485 | D:9      | 7485 ||| FLEEEEING.
  7486 | D:9      | 7486 ||| FLEEEEING.
  7655 | D:9      | 7655 ||| INVOKING Fiery Armour.
  7936 | D:9      | Found Ganerch's Magic Scroll Shoppe.
  7939 | D:9      | 7939 ||| SHOPLISTING scroll of acquirement (676 gold, have
                  | 486).
  7939 | D:9      | 7939 ||| BUYING scroll of enchant weapon (97 gold).
  7939 | D:9      | Bought a scroll of enchant weapon for 97 gold pieces
  7939 | D:9      | 7939 ||| BUYING scroll of identify (26 gold).
  7939 | D:9      | Bought a scroll of identify for 26 gold pieces
  7939 | D:9      | 7939 ||| BUYING scroll of identify (26 gold).
  7939 | D:9      | Bought a scroll of identify for 26 gold pieces
  7939 | D:9      | 7939 ||| BUYING scroll of teleportation (39 gold).
  7939 | D:9      | Bought a scroll of teleportation for 39 gold pieces
  7939 | D:9      | 7939 ||| BUYING scroll of teleportation (39 gold).
  7939 | D:9      | Bought a scroll of teleportation for 39 gold pieces
  7943 | D:9      | 7943 ||| READING 5 scrolls of identify.
  7943 | D:9      | 7943 ||| IDENTIFYING fizzy orange potion
  7944 | D:9      | 7944 ||| DROPPING potion of flight.
  7955 | D:10     | Entered Level 10 of the Dungeon
  7955 | D:10     | Noticed a boulder beetle
  7956 | D:10     | 7956 ||| INVOKING Fiery Armour.
  7957 | D:10     | 7957 ||| STAIRDANCE
  8069 | D:10     | Killed a boulder beetle
  8070 | D:10     | Reached skill level 13 in Unarmed Combat
  8074 | D:10     | 8074 ||| INVOKING Fiery Armour.
  8076 | D:10     | 8076 ||| Stepping ~*~*~tactically~*~*~ (outnumbered).
  8077 | D:10     | 8077 ||| Stepping ~*~*~tactically~*~*~ (outnumbered).
  8078 | D:10     | 8078 ||| Stepping ~*~*~tactically~*~*~ (outnumbered).
  8079 | D:10     | 8079 ||| Stepping ~*~*~tactically~*~*~ (outnumbered).
  8085 | D:10     | 8085 ||| Stepping ~*~*~tactically~*~*~ (outnumbered).
  8086 | D:10     | 8086 ||| Stepping ~*~*~tactically~*~*~ (outnumbered).
  8087 | D:10     | 8087 ||| Stepping ~*~*~tactically~*~*~ (outnumbered).
  8088 | D:10     | 8088 ||| Stepping ~*~*~tactically~*~*~ (outnumbered).
  8090 | D:10     | 8090 ||| Stepping ~*~*~tactically~*~*~ (outnumbered).
  8091 | D:10     | 8091 ||| Stepping ~*~*~tactically~*~*~ (outnumbered).
  8092 | D:10     | 8092 ||| Stepping ~*~*~tactically~*~*~ (outnumbered).
  8093 | D:10     | 8093 ||| Stepping ~*~*~tactically~*~*~ (outnumbered).
  8094 | D:10     | 8094 ||| Stepping ~*~*~tactically~*~*~ (outnumbered).
  8095 | D:10     | 8095 ||| Stepping ~*~*~tactically~*~*~ (outnumbered).
  8096 | D:10     | 8096 ||| Stepping ~*~*~tactically~*~*~ (outnumbered).
  8097 | D:10     | 8097 ||| Stepping ~*~*~tactically~*~*~ (outnumbered).
  8098 | D:10     | 8098 ||| Stepping ~*~*~tactically~*~*~ (outnumbered).
  8099 | D:10     | 8099 ||| Stepping ~*~*~tactically~*~*~ (outnumbered).
  8100 | D:10     | 8100 ||| Stepping ~*~*~tactically~*~*~ (outnumbered).
  8101 | D:10     | 8101 ||| Stepping ~*~*~tactically~*~*~ (outnumbered).
  8102 | D:10     | 8102 ||| Stepping ~*~*~tactically~*~*~ (outnumbered).
  8118 | D:10     | Reached skill level 14 in Unarmed Combat
  8197 | D:10     | 8197 ||| Stepping ~*~*~tactically~*~*~ (outnumbered).
  8198 | D:10     | 8198 ||| Stepping ~*~*~tactically~*~*~ (outnumbered).
  8199 | D:10     | 8199 ||| Stepping ~*~*~tactically~*~*~ (outnumbered).
  8200 | D:10     | 8200 ||| Stepping ~*~*~tactically~*~*~ (outnumbered).
  8201 | D:10     | 8201 ||| Stepping ~*~*~tactically~*~*~ (outnumbered).
  8219 | D:10     | 8219 ||| Stepping ~*~*~tactically~*~*~ (stealth).
  8222 | D:10     | 8222 ||| Stepping ~*~*~tactically~*~*~ (stealth).
  8226 | D:10     | 8226 ||| Stepping ~*~*~tactically~*~*~ (stealth).
  8227 | D:10     | Noticed Lodul
  8228 | D:10     | 8228 ||| Stepping ~*~*~tactically~*~*~ (hiding).
  8238 | D:10     | 8238 ||| INVOKING Fiery Armour.
  8239 | D:10     | HP: 7/88 [ogre/+0 giant club[Lodul] (23)]
  8240 | D:10     | 8240 ||| READING 5 scrolls of teleportation.
  8240 | D:10     | HP: 2/88 [ogre/+0 giant club[Lodul] (6)]
  8240 | D:10     | Annihilated by an ogre

Levels and vault maps discovered:
D:1:      shiori_shiawase, layout_loops_ring, serial_shops,
          nicolae_diamond_shop, shapermc_ecumenical_altar_flowoftime
D:2:      layout_basic, basic_altar, uniq_jessica
D:3:      layout_loops_ring, worldfamousw_hep_ancestral_shrine,
          ebering_ghost_disaster_area
D:4:      layout_basic, mainiacjoe_overflow_catwalk, uniq_blork_the_orc,
          uniq_edmund
D:5:      layout_loops_cross, grunt_temple_overflow_growth_and_decay,
          gammafunk_ghost_abyssal_escape
D:6:      layout_basic, old_standard_altar, uniq_menkaure
D:7:      layout_basic, chequers_temple_overflow_statue_of_worship,
          nicolae_overflow_crystal_walls, okawaru_ov_weapons_minmay,
          lemuel_round_altar, lemuel_temple_firewalk_b,
          gammafunk_ghost_wrathful_warriors
D:8:      layout_cave_pods, trog_butcher_becter,
          grunt_dithmenos_smoke_and_mirrors, nicolae_overflow_two_pavilions,
          enter_bailey_2
D:9:      layout_stronghold, serial_shops, shop
D:10:     layout_cave_pools, mainiacjoe_overflow_paths,
          nicolae_trove_entry_crystal, kennysheep_cross_bottleneck, uniq_joseph,
          uniq_lodul

Skill      XL: |  1  2  3  4  5  6  7  8  9 10 |
---------------+-------------------------------+-----
Unarmed Combat | 4 5 6 7 8 10 12 14 | 14.0
Throwing       | 1 2 3 4 5 |  5.0
Fighting       | 3 4 5 |  5.8
Dodging        | 1 |  1.2
Armour         | 1 2 |  2.1
Spellcasting   | |  1.0
Fire Magic     | |  2.1

Action                   |  1- 3 |  4- 6 |  7- 9 | 10-12 || total
-------------------------+-------+-------+-------+-------++-------
Melee: Unarmed           |    70 |   134 |   181 |    83 ||   468
       Punch             |       |     4 |     6 |     6 ||    16
Throw: Large rock        |       |    32 |    38 |     4 ||    74
       Javelin           |       |       |     5 |     7 ||    12
Invok: Fiery Armour      |       |     1 |     3 |     4 ||     8
  Use: Scroll            |     4 |     7 |     7 |     2 ||    20
       Potion            |     1 |     5 |     3 |       ||     9
Armor: Robe              |    15 |    24 |    41 |       ||    80
       Steam dragon scal |       |       |    26 |    56 ||    82
Dodge: Dodged            |    37 |    42 |    64 |    47 ||   190

Table legend:
 A = Non-vault XP
 B = Vault XP
 C = Vault XP percentage of total XP
 D = Non-vault monster count
 E = Vault monster count
 F = Vault count percentage of total count
                 A         B        C        D         E       F
            +---------+---------+-------+---------+---------+-------
      Total |    8697 |     990 |  10.2 |     183 |      10 |   5.2
            +---------+---------+-------+---------+---------+-------
        D:1 |      42 |       0 |   0.0 |      22 |       0 |   0.0
        D:2 |      62 |      37 |  37.4 |      15 |       1 |   6.2
        D:3 |      96 |       0 |   0.0 |      26 |       0 |   0.0
        D:4 |     173 |     253 |  59.4 |      17 |       2 |  10.5
        D:5 |     786 |       0 |   0.0 |      24 |       0 |   0.0
        D:6 |    1311 |     169 |  11.4 |      20 |       1 |   4.8
        D:7 |     521 |       0 |   0.0 |       6 |       0 |   0.0
        D:8 |     775 |     288 |  27.1 |      10 |       4 |  28.6
        D:9 |    2168 |       0 |   0.0 |      26 |       0 |   0.0
       D:10 |    2763 |     243 |   8.1 |      17 |       2 |  10.5
            +---------+---------+-------+---------+---------+-------
